[Event "ICC tourney 2481 (75 10)"]
[Site "Internet Chess Club"]
[Date "2021.03.28"]
[Round "6"]
[White "SATTARU, SRITEJ SAI:FL2009"]
[Black "MUTHUKUMAR, AADITH:dabpacman"]
[Result "1-0"]
[ICCResult "Black resigns"]
[WhiteElo "1820"]
[BlackElo "1441"]
[Opening "Sicilian: Nimzovich-Rossolimo attack (with ...g6, without ...d6)"]
[ECO "B31"]
[NIC "SI.31"]
[Time "19:02:32"]
[PlyCount "39"]
[TimeControl "4500+10"]

1. e4 c5 2. Nf3 Nc6 3. Bb5 g6 4. O-O Bg7 5. Re1 Nh6 6. c3 O-O 7. d4 cxd4 8.
cxd4 f5 9. e5 d6 10. exd6 Qxd6 11. Bxc6 bxc6 12. Nc3 Qc7 13. Bg5 Re8 14. g3
Nf7 15. Bf4 e5 16. dxe5 Nxe5 17. Nxe5 Bxe5 18. Qe2 Bb7 19. Bxe5 Qa5 20.
Qc4+ { Black resigns } 1-0

[Event "ICC tourney 2481 (75 10)"]
[Site "Internet Chess Club"]
[Date "2021.03.28"]
[Round "6"]
[White "RAMASWAMY, PUDUR:clair"]
[Black "CHAMPSI, IMRAN:imranchamp"]
[Result "1-0"]
[ICCResult "Black checkmated"]
[WhiteElo "1745"]
[BlackElo "1813"]
[Opening "Queen's pawn: London system"]
[ECO "A45"]
[NIC "QP.07"]
[Time "19:02:28"]
[PlyCount "37"]
[TimeControl "4500+10"]

1. d4 Nf6 2. Bf4 g6 3. Nc3 d6 4. e4 Bg7 5. Qd2 Nbd7 6. O-O-O c5 7. dxc5
dxc5 8. e5 Nh5 9. Bh6 O-O 10. g4 Bxh6 11. Qxh6 Ng7 12. Nf3 f6 13. exf6 exf6
14. Bc4+ Kh8 15. Rhe1 Re8 16. Nh4 Nf8 17. Rxd8 Rxd8 18. Re7 Bxg4 19. Qxg7#
{ Black checkmated } 1-0

[Event "ICC tourney 2481 (75 10)"]
[Site "Internet Chess Club"]
[Date "2021.03.28"]
[Round "6"]
[White "Aravindakshan, Sahana:TigerSahi"]
[Black "KERR, JOSHUA MORGAN:AbleCompany"]
[Result "1-0"]
[ICCResult "Black resigns"]
[WhiteElo "1641"]
[BlackElo "1673"]
[Opening "King's Indian: Four pawns attack, dynamic line"]
[ECO "E76"]
[NIC "KI.58"]
[Time "19:02:34"]
[PlyCount "42"]
[TimeControl "4500+10"]

1. d4 Nf6 2. c4 g6 3. Nc3 Bg7 4. e4 d6 5. f4 O-O 6. Nf3 c5 7. d5 e6 8. dxe6
Bxe6 9. Bd3 Nc6 10. O-O Re8 11. Bd2 Bg4 12. h3 Bxf3 13. Qxf3 Nd4 14. Qf2 h5
15. Rae1 Qc7 16. Qg3 Rac8 17. f5 d5 18. Bf4 Qb6 19. fxg6 dxe4 20. gxf7+
Kxf7 21. Nxe4 Nxe4 { Black resigns } 1-0

[Event "ICC tourney 2481 (75 10)"]
[Site "Internet Chess Club"]
[Date "2021.03.28"]
[Round "6"]
[White "YUAN, SERENA:doudou2011"]
[Black "BRUDNO, STEPHEN:StevChess01"]
[Result "1-0"]
[ICCResult "Black checkmated"]
[WhiteElo "1487"]
[BlackElo "1652"]
[Opening "Queen's Indian: old main line, 7.Nc3"]
[ECO "E18"]
[NIC "QI.09"]
[Time "19:02:24"]
[PlyCount "63"]
[TimeControl "4500+10"]

1. d4 Nf6 2. Nf3 e6 3. g3 b6 4. Bg2 Bb7 5. O-O Be7 6. c4 O-O 7. Nc3 c6 8.
e4 d5 9. e5 Ne8 10. cxd5 cxd5 11. Be3 Ba6 12. Re1 Nc6 13. Qa4 Qc8 14. Rac1
Bc4 15. Nd2 Na5 16. b3 Bd3 17. Nxd5 exd5 18. Rxc8 Rxc8 19. Qd7 Rc7 20. Qxd5
Bb4 21. Bf1 Bxf1 22. Rxf1 Rc2 23. Nc4 Nc7 24. Qe4 Rxa2 25. Nxa5 Bxa5 26.
Rc1 Na6 27. Qb7 Nb4 28. Rc8 h6 29. Rxf8+ Kxf8 30. d5 Nc2 31. Qc8+ Ke7 32.
d6# { Black checkmated } 1-0

[Event "ICC tourney 2481 (75 10)"]
[Site "Internet Chess Club"]
[Date "2021.03.28"]
[Round "6"]
[White "AYYAPPAN, SANTHOSH:SanthoshA"]
[Black "Xiao, Michael:michaelxiao"]
[Result "1-0"]
[ICCResult "Black checkmated"]
[WhiteElo "1661"]
[BlackElo "1332"]
[Opening "French: exchange variation"]
[ECO "C01"]
[NIC "FR.01"]
[Time "19:02:22"]
[PlyCount "129"]
[TimeControl "4500+10"]

1. e4 e6 2. d4 d5 3. exd5 exd5 4. Bd3 Nf6 5. Nf3 Bd6 6. O-O O-O 7. Bg5 Bg4
8. Nbd2 h6 9. Bh4 Nc6 10. c3 Be7 11. Re1 Re8 12. b4 Qd7 13. a4 Nh5 14. Bxe7
Rxe7 15. Rxe7 Qxe7 16. h3 Bxf3 17. Nxf3 Re8 18. Bb5 a6 19. Bxc6 bxc6 20.
Ne5 Nf4 21. Qf3 Qf6 22. Kh2 Re6 23. g3 Ng6 24. Qxf6 gxf6 25. Ng4 Kg7 26.
Ne3 Ne7 27. Re1 Kg6 28. Ng2 Rxe1 29. Nxe1 Nc8 30. Nd3 Nd6 31. Nc5 Ne4 32.
Nxe4 dxe4 33. Kg2 Kf5 34. f3 h5 35. Kf2 exf3 36. Kxf3 Kg5 37. c4 f5 38. h4+
Kg6 39. Kf4 Kf6 40. d5 cxd5 41. cxd5 Ke7 42. Kxf5 Kd6 43. Ke4 f5+ 44. Kxf5
Kxd5 45. Kg5 Kc4 46. Kxh5 Kxb4 47. g4 c5 48. g5 c4 49. g6 c3 50. g7 c2 51.
g8=Q c1=Q 52. Qg4+ Ka5 53. Qg5+ Qxg5+ 54. hxg5 Kxa4 55. g6 Kb4 56. g7 a5
57. g8=Q a4 58. Qg7 a3 59. Qa1 Kb3 60. Kg4 a2 61. Kf3 Ka3 62. Ke3 Kb3 63.
Kd3 Ka3 64. Kc4 Ka4 65. Qxa2# { Black checkmated } 1-0

[Event "ICC tourney 2481 (75 10)"]
[Site "Internet Chess Club"]
[Date "2021.03.28"]
[Round "6"]
[White "JIANG, LEYOU:karuto2006"]
[Black "OPASKA, MICHAEL:mopaska1106"]
[Result "1-0"]
[ICCResult "Black resigns"]
[WhiteElo "1831"]
[BlackElo "1945"]
[Opening "Sicilian: Pelikan, Chelyabinsk variation"]
[ECO "B32"]
[NIC "SI.37"]
[Time "19:02:32"]
[PlyCount "87"]
[TimeControl "4500+10"]

1. e4 c5 2. Nf3 Nc6 3. d4 cxd4 4. Nxd4 e5 5. Nb5 d6 6. N1c3 Nf6 7. Bg5 a6
8. Na3 b5 9. Nd5 Be7 10. Bxf6 Bxf6 11. c3 O-O 12. Nc2 Bg5 13. Be2 Be6 14.
a4 bxa4 15. Rxa4 a5 16. O-O Ne7 17. Nce3 g6 18. Bc4 f5 19. exf5 gxf5 20.
Nb6 Bxc4 21. Nexc4 Rb8 22. Nd5 Nc6 23. b4 axb4 24. Nxb4 Nxb4 25. Rxb4 Be7
26. Qd5+ Kh8 27. Rd1 Qc7 28. Rxb8 Rxb8 29. Ne3 f4 30. Nf5 Bf8 31. Qe6 Ra8
32. c4 Rb8 33. h3 Rb2 34. Qf6+ Kg8 35. Nxd6 Bxd6 36. Rxd6 Rb1+ 37. Kh2 Rb8
38. Qxe5 Qf7 39. Rf6 Re8 40. Qg5+ Qg7 41. Qxg7+ Kxg7 42. Rxf4 Rc8 43. Kg3
Rc5 44. Kf3 { Black resigns } 1-0

[Event "ICC tourney 2481 (75 10)"]
[Site "Internet Chess Club"]
[Date "2021.03.28"]
[Round "6"]
[White "LIANG, ETHAN Y:ELCCEthan488"]
[Black "WANG, KEVIN:Deepbrainfinal"]
[Result "1-0"]
[ICCResult "Black checkmated"]
[WhiteElo "1783"]
[BlackElo "1415"]
[Opening "QGD Slav defense: exchange variation"]
[ECO "D10"]
[NIC "SL.01"]
[Time "19:02:33"]
[PlyCount "99"]
[TimeControl "4500+10"]

1. d4 d5 2. c4 c6 3. cxd5 cxd5 4. Bf4 Nc6 5. Nc3 e6 6. e3 a6 7. Rc1 Nf6 8.
Bd3 Bd6 9. Bxd6 Qxd6 10. f4 h5 11. Nf3 Bd7 12. Ne5 Rb8 13. Qf3 b5 14. Qg3
Rg8 15. O-O g6 16. Kh1 Ne7 17. e4 dxe4 18. Nxe4 Nxe4 19. Bxe4 Rd8 20. Rfd1
Kf8 21. Qg5 Kg7 22. Nf3 Rc8 23. h4 Rgf8 24. Qe5+ Qxe5 25. Nxe5 Rfd8 26. Bb7
Rxc1 27. Rxc1 Bc8 28. Rc7 Bxb7 29. Rxe7 Bd5 30. Rxf7+ Kh6 31. Ra7 Bxa2 32.
Nf7+ Kg7 33. Nxd8+ Kf8 34. Rxa6 Ke7 35. Rxa2 Kxd8 36. Ra5 Kd7 37. Rxb5 Kd6
38. Rc5 Ke7 39. b4 Kd7 40. b5 e5 41. fxe5 Ke6 42. b6 Kf5 43. b7 Ke4 44.
b8=Q Kxd4 45. Qd6+ Ke4 46. Rc4+ Ke3 47. Qa3+ Kd2 48. Qb3 Ke2 49. Rc2+ Kd1
50. Qb1# { Black checkmated } 1-0

[Event "ICC tourney 2481 (75 10)"]
[Site "Internet Chess Club"]
[Date "2021.03.28"]
[Round "6"]
[White "RAJU, YAKSHWAG REDDY:Yakshwag"]
[Black "SU, JASMINE ZHIXIN:chessisthebest1"]
[Result "0-1"]
[ICCResult "White resigns"]
[WhiteElo "1441"]
[BlackElo "1806"]
[Opening "Sicilian: Najdorf, Lipnitzky attack"]
[ECO "B86"]
[NIC "SI.13"]
[Time "19:02:22"]
[PlyCount "52"]
[TimeControl "4500+10"]

1. e4 c5 2. Nf3 d6 3. d4 cxd4 4. Nxd4 Nf6 5. Nc3 a6 6. Bc4 e6 7. Be3 Be7 8.
O-O O-O 9. f4 b5 10. Bd3 Bb7 11. e5 Nd5 12. Nxd5 Bxd5 13. Qg4 Nd7 14. Nf3
f5 15. Qg3 dxe5 16. Nxe5 Nxe5 17. fxe5 Kh8 18. Rad1 Qc7 19. Bxf5 Rxf5 20.
Rxf5 exf5 21. Rxd5 Qxc2 22. Qf3 Rf8 23. Rd7 Bc5 24. e6 Qc1+ 25. Kf2 Qxb2+
26. Rd2 Qxd2+ { White resigns } 0-1

[Event "ICC tourney 2481 (75 10)"]
[Site "Internet Chess Club"]
[Date "2021.03.28"]
[Round "6"]
[White "YU, DYLAN:noodlesjr"]
[Black "WANG, JESSICA:crazyhorse9"]
[Result "1/2-1/2"]
[ICCResult "Game drawn by mutual agreement"]
[WhiteElo "1709"]
[BlackElo "1503"]
[Opening "King's Indian: East Indian defense"]
[ECO "A48"]
[NIC "QP.06"]
[Time "19:02:19"]
[PlyCount "88"]
[TimeControl "4500+10"]

1. d4 Nf6 2. Nf3 g6 3. e3 Bg7 4. Bd3 d6 5. Nbd2 O-O 6. O-O Re8 7. e4 Nbd7
8. c3 e5 9. Re1 Nb6 10. Qb3 c6 11. Nc4 Nxc4 12. Bxc4 Qc7 13. dxe5 dxe5 14.
Bg5 Rf8 15. Bh4 Ne8 16. Bg3 Bg4 17. Bd3 Bxf3 18. gxf3 Nf6 19. Rad1 Nh5 20.
Bf1 Kh8 21. Bh3 f5 22. Qe6 Rae8 23. Qd7 Qxd7 24. Rxd7 f4 25. Bh4 h6 26. Be7
Rf7 27. Bb4 Rxd7 28. Bxd7 Rd8 29. Bh3 Rd2 30. Ba3 Rd8 31. Kf1 Bf8 32. Bxf8
Rxf8 33. Rd1 Nf6 34. Ke2 Kg7 35. Be6 Re8 36. Bd7 Rd8 37. Be6 Rxd1 38. Kxd1
Kf8 39. Kd2 Ke7 40. Bc8 b6 41. Kd3 Kd6 42. b4 c5 43. Kc4 Kc6 44. b5+ Kd6 {
Game drawn by mutual agreement } 1/2-1/2

[Event "ICC tourney 2481 (75 10)"]
[Site "Internet Chess Club"]
[Date "2021.03.28"]
[Round "6"]
[White "PARVATHANENI, NIKHIL:Nikhilp"]
[Black "LI, DAVID TONGJIA:UltimateDL"]
[Result "1/2-1/2"]
[ICCResult "Game drawn by mutual agreement"]
[WhiteElo "1793"]
[BlackElo "1767"]
[Opening "Sicilian defense"]
[ECO "B30"]
[NIC "SI.31"]
[Time "19:02:32"]
[PlyCount "104"]
[TimeControl "4500+10"]

1. e4 c5 2. Nf3 Nc6 3. d3 g6 4. g3 Bg7 5. Bg2 Nf6 6. O-O d5 7. Nbd2 O-O 8.
c3 dxe4 9. dxe4 Be6 10. Qc2 Qc7 11. Re1 Rad8 12. Nf1 Rd7 13. Bf4 Qb6 14. h3
Bc4 15. Rad1 Rfd8 16. N1d2 Bd3 17. Qc1 c4 18. Be3 Qa5 19. Nd4 Qxa2 20. Nxc6
bxc6 21. Qa1 Qxa1 22. Rxa1 Rb8 23. Bxa7 Rxb2 24. Be3 Rd8 25. Rec1 Rdb8 26.
Bf4 Rc8 27. Ra4 Kf8 28. Nxc4 Bxc4 29. Rxc4 Nd7 30. Rd1 Ne5 31. Bxe5 Bxe5
32. f4 Bc7 33. Kh1 Bb6 34. e5 c5 35. g4 Ba5 36. Rd5 Rc2 37. Rdxc5 Rxc5 38.
Rxc5 Rc1+ 39. Kh2 Bxc3 40. Rc8+ Kg7 41. Re8 Bd2 42. Kg3 Rc3+ 43. Kf2 Bxf4
44. Rxe7 Kf8 45. Rb7 Bxe5 46. Bd5 Bc7 47. Rb3 Bg3+ 48. Kg2 Rxb3 49. Bxb3
Bh4 50. Kf3 Kg7 51. Kf4 f6 52. Bc2 Kf7 { Game drawn by mutual agreement }
1/2-1/2

[Event "ICC tourney 2481 (75 10)"]
[Site "Internet Chess Club"]
[Date "2021.03.28"]
[Round "6"]
[White "WAKIDA, KEN:Yamato1945"]
[Black "Xun, Yuxuan:xunyux0"]
[Result "1-0"]
[ICCResult "Black resigns"]
[WhiteElo "1475"]
[BlackElo "1585"]
[Opening "QGD: exchange, positional line"]
[ECO "D35"]
[NIC "QO.16"]
[Time "19:02:25"]
[PlyCount "133"]
[TimeControl "4500+10"]

1. d4 Nf6 2. c4 e6 3. Nc3 d5 4. cxd5 exd5 5. Bg5 Be7 6. e3 O-O 7. Nf3 Bg4
8. Be2 Nbd7 9. Qb3 Nb6 10. O-O c6 11. a4 Ne4 12. Bxe7 Qxe7 13. Qc2 Rac8 14.
Ne5 Nxc3 15. Bxg4 f5 16. Bxf5 Rxf5 17. Qxf5 Ne4 18. Qg4 Rf8 19. b3 Nd2 20.
Rfd1 Nxb3 21. Rab1 Na5 22. Qe2 Nxa4 23. Qa2 b5 24. Rbc1 Qb4 25. Nxc6 Nxc6
26. Qxd5+ Kh8 27. Qxc6 Nb2 28. Rb1 Qa4 29. Rf1 Nc4 30. Qxb5 Qxb5 31. Rxb5
Nd2 32. Ra1 Rc8 33. h3 Ra8 34. Rxa7 Rc8 35. Ra1 h6 36. Rc5 Rb8 37. Rac1 Kh7
38. Rc8 Rb7 39. d5 Rd7 40. Rd1 Rxd5 41. Kh1 Rd6 42. Rc2 Nc4 43. Rxd6 Nxd6
44. Re2 Ne4 45. Kh2 Kg6 46. f3 Nc3 47. Re1 Kf5 48. e4+ Kf4 49. e5 Nd5 50.
e6 Ne7 51. Re4+ Kf5 52. g4+ Kf6 53. f4 g5 54. f5 Nd5 55. Kg3 Ne7 56. h4 Nd5
57. h5 Ke7 58. Rd4 Nf6 59. Kf3 Ke8 60. Ke3 Ke7 61. Kd3 Ng8 62. Rd7+ Kf6 63.
Kd4 Ne7 64. Rxe7 Kxe7 65. Ke5 Kf8 66. Kf6 Ke8 67. e7 { Black resigns } 1-0

[Event "ICC tourney 2481 (75 10)"]
[Site "Internet Chess Club"]
[Date "2021.03.28"]
[Round "6"]
[White "THATIPARTHI, VINEETHREDDY:Vinny773175"]
[Black "MAZUMDAR, SHAURYA:raremystery"]
[Result "1/2-1/2"]
[ICCResult "Game drawn by repetition"]
[WhiteElo "1763"]
[BlackElo "1673"]
[Opening "Ruy Lopez: Berlin defense, open variation"]
[ECO "C67"]
[NIC "RL.07"]
[Time "19:02:28"]
[PlyCount "93"]
[TimeControl "4500+10"]

1. e4 e5 2. Nf3 Nc6 3. Bb5 Nf6 4. O-O Nxe4 5. Re1 Nd6 6. Nxe5 Be7 7. Nxc6
dxc6 8. Bf1 O-O 9. d4 Nf5 10. c3 Bf6 11. Nd2 Re8 12. Rxe8+ Qxe8 13. Nf3 Be6
14. Bf4 Qd7 15. Qc2 Re8 16. Bd3 g6 17. Ne5 Qc8 18. Qd2 Bd5 19. b3 c5 20.
Ng4 Bg7 21. Ne3 Nxe3 22. fxe3 Qg4 23. Rf1 cxd4 24. exd4 c5 25. h3 Qc8 26.
Bb5 Re4 27. Bd3 Re6 28. Be3 Qd7 29. c4 cxd4 30. cxd5 Rxe3 31. Bc4 b5 32.
Be2 Qxd5 33. Rd1 Qc5 34. Kh1 b4 35. Bc4 Re7 36. Rf1 Qd6 37. Qd3 Qd7 38. Qf3
Qb7 39. Bd5 Qc7 40. Bc4 Qb7 41. Bd5 Qc7 42. Bc4 Be5 43. Qd5 Rd7 44. Qe4 Re7
45. Qd5 Rd7 46. Qe4 Re7 47. Qd5 { Game drawn by repetition } 1/2-1/2

[Event "ICC tourney 2481 (75 10)"]
[Site "Internet Chess Club"]
[Date "2021.03.28"]
[Round "6"]
[White "YANG, MAXWELL Z:tigertiger2019"]
[Black "STEINER, ADAMSON:poohfur"]
[Result "1/2-1/2"]
[ICCResult "Game drawn by mutual agreement"]
[WhiteElo "1650"]
[BlackElo "1692"]
[Opening "QGD: Semi-Tarrasch, symmetrical variation"]
[ECO "A13"]
[NIC "QP.09"]
[Time "19:02:33"]
[PlyCount "89"]
[TimeControl "4500+10"]

1. Nf3 d5 2. c4 e6 3. d4 c5 4. Nc3 Nc6 5. e3 Nf6 6. Bd3 Bd6 7. O-O O-O 8.
b3 b6 9. Bb2 Bb7 10. Qe2 Nb4 11. Nb5 Nxd3 12. Nxd6 Qxd6 13. Qxd3 dxc4 14.
Qxc4 Rac8 15. Qe2 Rc7 16. dxc5 bxc5 17. Be5 Bxf3 18. Bxd6 Bxe2 19. Bxc7
Bxf1 20. Kxf1 Rc8 21. Be5 Nd5 22. a3 f6 23. Bd6 Rc6 24. Bb8 a5 25. Ba7 Rc7
26. Bb8 Rb7 27. Bd6 Rxb3 28. Bxc5 Rb2 29. g3 Kf7 30. Rc1 g5 31. e4 Ne7 32.
Bxe7 Kxe7 33. Rc7+ Kd6 34. Ra7 Rb1+ 35. Kg2 Rb5 36. a4 Rc5 37. Rxh7 Rc4 38.
Rf7 Ke5 39. f4+ gxf4 40. gxf4+ Kxf4 41. Rxf6+ Kxe4 42. Rxe6+ Kf4 43. Rh6
Kg5 44. Ra6 Rxa4 45. Ra8 { Game drawn by mutual agreement } 1/2-1/2

[Event "ICC tourney 2481 (75 10)"]
[Site "Internet Chess Club"]
[Date "2021.03.28"]
[Round "6"]
[White "BONNELL, LEO W:bonnelleo1"]
[Black "WEN, KALLY:kwen2008"]
[Result "1-0"]
[ICCResult "Black resigns"]
[WhiteElo "1832"]
[BlackElo "1708"]
[Opening "Queen's pawn game"]
[ECO "E06"]
[NIC "QP.06"]
[Time "19:02:19"]
[PlyCount "93"]
[TimeControl "4500+10"]

1. d4 Nf6 2. Nf3 e6 3. g3 Be7 4. Bg2 O-O 5. O-O d5 6. c4 c5 7. cxd5 Nxd5 8.
dxc5 Bxc5 9. a3 Nc6 10. Qc2 Be7 11. Rd1 Qc7 12. e4 Nf6 13. b4 Rd8 14. Rxd8+
Qxd8 15. Nc3 e5 16. Nd5 Nxd5 17. exd5 Nd4 18. Nxd4 exd4 19. Bb2 Bf6 20. Qd3
Qd6 21. Bxd4 Bxd4 22. Qxd4 b6 23. Re1 Bb7 24. Qe5 Qxe5 25. Rxe5 Kf8 26. d6
Bxg2 27. Kxg2 Rd8 28. Re7 Rxd6 29. Rxa7 g6 30. Rb7 Rd3 31. Rxb6 Rxa3 32.
Rb7 Rb3 33. h4 h5 34. b5 Ke8 35. b6 Kd8 36. Rb8+ Kd7 37. b7 Kc6 38. Rc8+
Kxb7 39. Rf8 Rb6 40. Rxf7+ Ka6 41. Kf3 Re6 42. Kf4 Kb5 43. Kg5 Kc5 44. Rf6
Re5+ 45. Kxg6 Kd4 46. Rf5 Rxf5 47. Kxf5 { Black resigns } 1-0

[Event "ICC tourney 2481 (75 10)"]
[Site "Internet Chess Club"]
[Date "2021.03.28"]
[Round "6"]
[White "MUNAGANURI, VAMSI:TacticalVM"]
[Black "TALWALKAR, VEDANT AMEYA:castle2king"]
[Result "1-0"]
[ICCResult "Black resigns"]
[WhiteElo "1678"]
[BlackElo "1644"]
[Opening "Ruy Lopez: closed, Chigorin defense"]
[ECO "C97"]
[NIC "RL.23"]
[Time "19:02:21"]
[PlyCount "139"]
[TimeControl "4500+10"]

1. e4 e5 2. Nf3 Nc6 3. Bb5 a6 4. Ba4 Nf6 5. O-O b5 6. Bb3 Be7 7. Re1 d6 8.
c3 O-O 9. h3 Na5 10. Bc2 c5 11. d4 Qc7 12. d5 Bd7 13. Nbd2 Nb7 14. Nf1 Rfe8
15. Ng3 h6 16. Be3 Bf8 17. Qd2 Kh7 18. Rad1 g6 19. Nh4 Bg7 20. Nf3 c4 21.
a3 Nc5 22. Nh2 Bc8 23. f3 Bb7 24. Ng4 Nxg4 25. hxg4 a5 26. Kf2 Qe7 27. Rh1
Qf8 28. Bxh6 Bxh6 29. g5 Qe7 30. Rxh6+ Kg7 31. Rdh1 Rh8 32. Ne2 Qc7 33. Qd1
Qb6 34. Kg3 Rxh6 35. Rxh6 Qd8 36. Qd2 Qe7 37. Qe3 Rh8 38. f4 exf4+ 39. Qxf4
Nd7 40. Qh4 Qf8 41. Nd4 Ba6 42. Nc6 a4 43. Bd1 Rxh6 44. Qxh6+ Kg8 45. Qxf8+
Kxf8 46. Kf4 Bb7 47. Nb4 Ne5 48. Be2 Ke7 49. g3 Kd7 50. Bg4+ Ke7 51. Be2
Kd7 52. Ke3 Ke7 53. Nc2 Bc8 54. Nd4 Bd7 55. Kf4 Be8 56. Nf3 Nxf3 57. Bxf3
f6 58. g4 fxg5+ 59. Kxg5 Bf7 60. Kf4 Kf6 61. g5+ Ke7 62. e5 Be8 63. Bg4 Bf7
64. Bf3 Be8 65. Ke4 Bd7 66. exd6+ Kxd6 67. Kd4 Bc8 68. Be4 Bb7 69. Bxg6
Bxd5 70. Be8 { Black resigns } 1-0

[Event "ICC tourney 2481 (75 10)"]
[Site "Internet Chess Club"]
[Date "2021.03.28"]
[Round "6"]
[White "WANG, MAXWELL GEORG:MaxWang"]
[Black "CHERUKURI, NITESH:Niteshc"]
[Result "0-1"]
[ICCResult "White resigns"]
[WhiteElo "1778"]
[BlackElo "1690"]
[Opening "Caro-Kann: Panov-Botvinnik attack"]
[ECO "B13"]
[NIC "CK.03"]
[Time "19:02:27"]
[PlyCount "90"]
[TimeControl "4500+10"]

1. e4 c6 2. d4 d5 3. exd5 cxd5 4. c4 Nf6 5. Nc3 Nc6 6. Nf3 Bg4 7. Be3 e6 8.
Be2 Bd6 9. O-O O-O 10. h3 Bh5 11. Rc1 Rc8 12. Re1 dxc4 13. Bxc4 Bxf3 14.
Qxf3 Nxd4 15. Bxd4 Rxc4 16. Bxf6 Qxf6 17. Qxb7 Qf4 18. g3 Qh6 19. Qg2 f5
20. Rcd1 Bb8 21. Re2 f4 22. gxf4 Rcxf4 23. Ne4 Qh5 24. Ng3 Qb5 25. b3 Rf3
26. Rde1 Bxg3 27. fxg3 Qc5+ 28. Kh1 Qc3 29. Kh2 e5 30. Rd2 Rxg3 31. Qxg3
Qxd2+ 32. Kg1 Rf6 33. Re4 Qxa2 34. Rxe5 Rg6 35. Rg5 Qb1+ 36. Kh2 Qc2+ 37.
Qg2 Qxg2+ 38. Rxg2 Rxg2+ 39. Kxg2 Kf7 40. Kf3 Ke6 41. Ke4 g5 42. Kf3 Kf5
43. Kg3 h5 44. Kf3 a5 45. Ke3 Ke5 { White resigns } 0-1

[Event "ICC tourney 2481 (75 10)"]
[Site "Internet Chess Club"]
[Date "2021.03.28"]
[Round "6"]
[White "NAIR, ADVAIT SHANKAR:sujashankar"]
[Black "MOERLIEN, PUWIT SKY:SuperBlueSky"]
[Result "1-0"]
[ICCResult "Black checkmated"]
[WhiteElo "1750"]
[BlackElo "1631"]
[Opening "Scotch: Potter variation"]
[ECO "C45"]
[NIC "SO.05"]
[Time "19:02:20"]
[PlyCount "159"]
[TimeControl "4500+10"]

1. e4 e5 2. Nf3 Nc6 3. d4 exd4 4. Nxd4 Bc5 5. Nb3 Bb6 6. Qe2 d6 7. Be3 Nf6
8. Nc3 Be6 9. O-O-O Qd7 10. h3 O-O-O 11. Bxb6 axb6 12. Qe3 Qe7 13. Nd4 Nxd4
14. Qxd4 Bd7 15. f3 Rhe8 16. Bb5 Kb8 17. Bxd7 Qxd7 18. Rhe1 Kc8 19. h4 Qc6
20. Qb4 Qc5 21. Qa4 Qa5 22. Qb3 Re7 23. g4 h6 24. a3 Rde8 25. Re2 Kb8 26.
Red2 Kc8 27. Nb5 Re5 28. Nd4 d5 29. exd5 Qxd5 30. Qa4 Qa5 31. Qxa5 bxa5 32.
Nf5 Rg8 33. Nxg7 Re3 34. Nf5 Re6 35. Nxh6 Rf8 36. Nxf7 b6 37. Rd8+ Rxd8 38.
Rxd8+ Kb7 39. Kd2 Re7 40. Nh6 Rh7 41. Nf5 Nd7 42. Re8 Nf6 43. Re7 Rh8 44.
g5 Nd5 45. Re4 Rf8 46. Ne3 Nf4 47. Nc4 Rd8+ 48. Ke3 Nd5+ 49. Kf2 Kc8 50.
Rd4 c6 51. Ne3 Nxe3 52. Rxd8+ Kxd8 53. Kxe3 Ke7 54. h5 b5 55. Kd4 a4 56.
Kc5 b4 57. Kxb4 c5+ 58. Kxa4 c4 59. Kb4 c3 60. Kxc3 Ke8 61. a4 Ke7 62. h6
Ke8 63. Kd4 Kf7 64. Ke5 Kg8 65. Kf6 Kh7 66. g6+ Kg8 67. g7 Kh7 68. Kf7 Kxh6
69. g8=Q Kh5 70. Qg7 Kh4 71. Qg6 Kh3 72. Qg5 Kh2 73. Qg4 Kh1 74. Ke6 Kh2
75. Ke5 Kh1 76. Ke4 Kh2 77. Kf4 Kh1 78. Ke3 Kh2 79. Kf2 Kh1 80. Qg2# {
Black checkmated } 1-0

[Event "ICC tourney 2481 (75 10)"]
[Site "Internet Chess Club"]
[Date "2021.03.28"]
[Round "6"]
[White "Kashyap, Manish B:mnm2"]
[Black "CHERUKURI, DEVESH:Deveshc"]
[Result "1/2-1/2"]
[ICCResult "Game drawn by mutual agreement"]
[WhiteElo "1547"]
[BlackElo "1532"]
[Opening "Sicilian defense"]
[ECO "B33"]
[NIC "SI.32"]
[Time "19:02:32"]
[PlyCount "73"]
[TimeControl "4500+10"]

1. e4 c5 2. Nf3 Nc6 3. d4 cxd4 4. Nxd4 Nf6 5. f3 d6 6. c4 Bd7 7. Nc3 e6 8.
Be3 Qb6 9. Qd2 Qc7 10. Be2 a6 11. O-O Be7 12. Rfd1 O-O 13. Rac1 Rac8 14. a3
Ne5 15. h3 Rfe8 16. b4 Ng6 17. Nb3 Nh4 18. Bf2 Ng6 19. f4 Red8 20. a4 d5
21. exd5 exd5 22. Nxd5 Nxd5 23. cxd5 Qxf4 24. Rxc8 Rxc8 25. Qxf4 Nxf4 26.
Bf3 Bxa4 27. Rb1 Bxb4 28. Nd4 a5 29. Be3 Ng6 30. d6 Bxd6 31. Rxb7 Rc7 32.
Rb8+ Nf8 33. Nf5 Rc1+ 34. Bxc1 Bxb8 35. Bd2 Bc7 36. Ne7+ Kh8 37. Nc6 { Game
drawn by mutual agreement } 1/2-1/2

[Event "ICC tourney 2481 (75 10)"]
[Site "Internet Chess Club"]
[Date "2021.03.28"]
[Round "6"]
[White "Patel, Arav:APBrain"]
[Black "NEMMALI, PRATEEK R:Priccchess"]
[Result "0-1"]
[ICCResult "White checkmated"]
[WhiteElo "1669"]
[BlackElo "1822"]
[Opening "English: Neo-Catalan"]
[ECO "A13"]
[NIC "RE.11"]
[Time "19:02:33"]
[PlyCount "168"]
[TimeControl "4500+10"]

1. Nf3 d5 2. c4 e6 3. g3 Nf6 4. Bg2 Bd6 5. O-O O-O 6. b3 Nbd7 7. Bb2 b6 8.
e3 Bb7 9. d4 c5 10. Nc3 Rc8 11. Nb5 Bb8 12. Ne5 a6 13. Nc3 Nxe5 14. dxe5
Bxe5 15. f4 Bc7 16. g4 Ne4 17. Nxe4 dxe4 18. Qc2 f5 19. Rad1 Qe7 20. gxf5
exf5 21. Kh1 Rcd8 22. Rde1 Rd6 23. Rg1 Rg6 24. Bh3 Qf7 25. Rxg6 hxg6 26.
Rg1 Bd8 27. Be5 Bf6 28. Qc3 Qe6 29. Bxf6 Rxf6 30. Bf1 Rf7 31. b4 Rc7 32.
bxc5 Rxc5 33. h4 Rc7 34. h5 Qe7 35. Rg5 Bc8 36. hxg6 Qf6 37. Qd2 Be6 38.
Qh2 Bxc4 39. Qh7+ Kf8 40. Bxc4 Rxc4 41. Qh8+ Ke7 42. Rg1 Qf8 43. Qh4+ Ke6
44. Rd1 Rc8 45. Rb1 b5 46. a4 Qh8 47. Qxh8 Rxh8+ 48. Kg2 Rb8 49. axb5 axb5
50. Rb4 Kf6 51. Kf2 Kxg6 52. Kg3 Kf6 53. Kh4 g6 54. Kh3 g5 55. fxg5+ Kxg5
56. Kg3 f4+ 57. exf4+ Kf5 58. Kg2 Kxf4 59. Kf2 Rb6 60. Ke2 Ke5 61. Ke3 Kd5
62. Rd4+ Kc5 63. Rxe4 Rd6 64. Rh4 b4 65. Rh1 b3 66. Rb1 Kb4 67. Ra1 b2 68.
Rb1 Kc3 69. Rh1 Re6+ 70. Kf4 Kc2 71. Rh2+ Kb3 72. Rh1 Ka2 73. Rh2 Ka1 74.
Kf5 Re1 75. Rxb2 Kxb2 76. Kf4 Kc3 77. Kf3 Kd3 78. Kf2 Rd1 79. Kg2 Ke3 80.
Kg3 Rg1+ 81. Kh2 Kf2 82. Kh3 Rg3+ 83. Kh2 Rf3 84. Kh1 Rh3# { White
checkmated } 0-1

[Event "ICC tourney 2481 (75 10)"]
[Site "Internet Chess Club"]
[Date "2021.03.28"]
[Round "6"]
[White "WANG, CHLOE HEATHER:kittycat35"]
[Black "HEBBAR, ESHAAN:solveur"]
[Result "0-1"]
[ICCResult "White forfeits on time"]
[WhiteElo "1725"]
[BlackElo "1611"]
[Opening "Caro-Kann: classical, Spassky variation"]
[ECO "B19"]
[NIC "CK.11"]
[Time "19:02:23"]
[PlyCount "128"]
[TimeControl "4500+10"]

1. e4 c6 2. d4 d5 3. Nc3 dxe4 4. Nxe4 Bf5 5. Ng3 Bg6 6. h4 h6 7. Nf3 Nd7 8.
h5 Bh7 9. Bc4 e6 10. c3 Ngf6 11. Qe2 Bd6 12. Ne5 Nd5 13. Nxd7 Qxd7 14. Ne4
Bxe4 15. Qxe4 b5 16. Bb3 a5 17. a4 b4 18. c4 Nf6 19. Qe2 Be7 20. Be3 Rc8
21. Rd1 Qb7 22. Qf3 Rd8 23. O-O O-O 24. Kh1 Qc8 25. Rg1 c5 26. dxc5 Bxc5
27. Bxh6 Bd4 28. Bc1 Qc5 29. g4 Bxf2 30. Rxd8 Rxd8 31. Rg2 Bd4 32. g5 Nd7
33. g6 f6 34. h6 Qe7 35. hxg7 Qxg7 36. Qh3 Nc5 37. Bh6 Qb7 38. g7 Qe4 39.
Bf4 Qh7 40. Qxh7+ Kxh7 41. Bc2+ f5 42. Bc7 Ra8 43. Bd6 Nd7 44. Bf8 Kg8 45.
Bd6 Bxg7 46. c5 Rc8 47. Bd1 Nf6 48. Bf3 Kf7 49. c6 Bf8 50. Be5 Ng4 51. Bg3
Bc5 52. Rc2 Rh8+ 53. Bh2 Nxh2 54. Rxh2 Rxh2+ 55. Kxh2 Bd6+ 56. Kg2 e5 57.
Bd5+ Kf6 58. Kf3 e4+ 59. Ke3 Ke5 60. Bc4 f4+ 61. Ke2 Kd4 62. b3 Kc5 63. Bb5
Kb6 64. Kf2 Bc5+ { White forfeits on time } 0-1